 Dungeon Crawl Stone Soup version 0.25.1-8-g42b30a86e7 (webtiles) character file.

Game seed: 14852438206413641693

56 DildoBatman the Conjurer (level 4, 0/30 HPs)
             Began as a Formicid Wizard on Dec 6, 2020.
             Slain by a jackal (1 damage)
             ... on level 2 of the Dungeon.
             The game lasted 00:02:20 (1161 turns).

DildoBatman the Conjurer (Formicid Wizard)          Turns: 1161, Time: 00:02:21

Health: 0/30       AC:  2    Str: 12    XL:     4   Next: 17%
Magic:  0/8        EV: 12    Int: 18    God:
Gold:   50         SH:  0    Dex:  9    Spells: 8/9 levels left

rFire    . . .     SeeInvis +   f - +0 short sword
rCold    . . .     Gourm    .   (no shield)
rNeg     . . .     Faith    .   a - +0 robe
rPois    .         Spirit   .   (helmet unavailable)
rElec    .         Reflect  .   (no cloak)
rCorr    .         Harm     .   (no gloves)
MR       .....                  (no boots)
Stlth    ++........             (no amulet)
HPRegen  0.10/turn              (no ring)
MPRegen  0.11/turn              (no ring)

@: lethally poisoned (0 -> -5)
A: permanent stasis, dig shafts and tunnels, four strong arms, antennae 3
a: Dig, Shaft Self


You were on level 2 of the Dungeon.
You were not hungry.

You visited 1 branch of the dungeon, and saw 2 of its levels.

You collected 50 gold pieces.

Inventory:

Hand Weapons
 b - a +0 club
 c - a +0 dagger
 f - a +0 short sword (weapon)
 h - a +0 hunting sling
Missiles
 g - 32 stones (quivered)
 k - 8 javelins
 l - 25 arrows
Armour
 a - a +0 robe (worn)
Scrolls
 d - 3 scrolls of teleportation {unknown}
 i - a scroll of blinking {unknown}
 m - 2 scrolls of identify {unknown}
 n - a scroll of random uselessness {unknown}
Potions
 e - a potion of curing {unknown}
Comestibles
 j - 3 chunks of flesh
 v - 3 rations


   Skills:
 - Level 1.7 Dodging
 - Level 2.4 Stealth
 - Level 3.2 Spellcasting
 * Level 3.3 Conjurations
   Level 1.0 Summonings
   Level 0.8 Translocations


You had 8 spell levels left.
You knew the following spells:

 Your Spells              Type           Power        Failure   Level  Hunger
c - Magic Dart            Conj           ###.         4%          1    None

Your spell library contained the following spells:

 Spells                   Type           Power        Failure   Level  Hunger
 Call Imp                 Summ           #.......     16%         2    ##.....
 Slow                     Hex            #.......     24%         2    ##.....
 Conjure Flame            Conj/Fire      #.......     24%         3    ###....
 Mephitic Cloud           Conj/Pois/Air  #.......     30%         3    ###....
 Blink                    Tloc           Unusable     N/A         2    N/A

Dungeon Overview and Level Annotations

Branches:
Dungeon (2/15)

Altars:
The Shining One


Innate Abilities, Weirdness & Mutations

You cannot be hasted, slowed, berserked, paralysed or teleported.
You can dig through walls and to a lower floor.
Your four strong arms can wield two-handed weapons with a shield.
You have a pair of large antennae on your head. (SInv)


Message History

You hit the adder but do no damage.
The adder is moderately wounded.
The jackal bites you but does no damage.
The adder bites you. The jackal bites you. The jackal barely misses you.
Your magical contamination has completely faded away.
Casting: Magic Dart (safe; 4% risk of failure)
Confirm with . or Enter, or press ? or * to list all spells.
Aiming: Magic Dart (safe; 4% risk of failure)
Press: ? - help, Shift-Dir - straight line, f - jackal
Aim: a jackal The magic dart hits the jackal.
The jackal is heavily wounded.
The adder bites you.
You are lethally poisoned!
The adder poisons you! The jackal barely misses you. The jackal bites you.
You die...

#.........#
#.........#
#.........#
#.........#
#.........#
#...(....?#
#....†....#
#....<....#
#....@h...#
#..?.Sh......
##.......###.
#.......#
#.#.......
..#......##
#.##.....##
#. #......


You could see an adder and 2 jackals.

Vanquished Creatures
  An ooze (D:1)
  4 dart slugs (D:1)
  A leopard gecko (D:1)
  2 giant cockroaches (D:1)
  4 goblins (D:1)
  8 hobgoblins
  3 jackals
  A quokka (D:2)
  4 bats
  A frilled lizard (D:1)
  7 kobolds
  2 rats
38 creatures vanquished.

Notes
Turn   | Place    | Note
-------+----------+-------------------------------------------
     0 | D:1      | DildoBatman the Formicid Wizard began the quest for the
                  | Orb.
     0 | D:1      | Reached XP level 1. HP: 13/13 MP: 4/4
     9 | D:1      | Reached skill level 1 in Conjurations
    69 | D:1      | Reached XP level 2. HP: 15/19 MP: 3/6
   537 | D:1      | Reached XP level 3. HP: 24/24 MP: 2/7
   566 | D:1      | Found a glowing golden altar of the Shining One.
  1136 | D:2      | Reached XP level 4. HP: 30/30 MP: 5/8
  1161 | D:2      | HP: 1/30 [adder (3)]
  1161 | D:2      | Slain by a jackal

Illustrated notes

Levels and vault maps discovered:
D:1:      eino_arrival_water_star, layout_loops_cross, grunt_decor_resistance,
          tso_metal_star
D:2:      layout_rooms, xom_butterflies, ashenzari_conservatory_becter,
          chequers_ecumenical_altar_island, minivault_26, uniq_terence

Skill      XL: |  1  2  3 |
---------------+----------+-----
Conjurations   | 1 2 3 |  3.3
Dodging        | |  1.7
Stealth        | |  2.4
Spellcasting   | |  3.2
Summonings     | |  1.0
Translocations | |  0.8

Action                   |  1- 3 |  4- 6 || total
-------------------------+-------+-------++-------
Melee: Club              |     8 |       ||     8
       Dagger            |     8 |       ||     8
       Short sword       |    22 |    16 ||    38
 Cast: Magic Dart        |    63 |     8 ||    71
 Abil: Dig               |     2 |       ||     2
  Eat: Chunk             |     1 |       ||     1
Armor: Robe              |    11 |     8 ||    19
Dodge: Dodged            |    47 |    25 ||    72
